 Dungeon Crawl Stone Soup version 0.28.0 (webtiles) character file.

Game seed: 5210036519921085576

207 fudgemeat the Skirmisher (level 6, 0/49 HPs)
             Began as a Formicid Abyssal Knight on Feb 14, 2022.
             Was a Believer of Lugonu.
             Slain by a bullfrog (1 damage)
             ... on level 4 of the Dungeon.
             The game lasted 00:04:55 (4624 turns).

fudgemeat the Skirmisher (Formicid Abyssal Knight)  Turns: 4624, Time: 00:04:55

Health: 0/49       AC:  3    Str: 19    XL:     6   Next: 10%
Magic:  7/7        EV: 11    Int: 10    God:    Lugonu [**....]
Gold:   137        SH:  0    Dex: 11    Spells: 5/5 levels left

rFire   . . .      SeeInvis +   a - +1 hand axe
rCold   . . .      Faith    .   (no shield)
rNeg    . . .      Spirit   .   b - +0 leather armour
rPois   .          Reflect  .   (helmet unavailable)
rElec   .          Harm     .   (no cloak)
rCorr   .          Rampage  .   (no gloves)
Will    .....                   (no boots)
Stlth   +.........              (no amulet)
HPRegen 0.16/turn               (no ring)
MPRegen 0.10/turn               (no ring)

@: no status effects
A: permanent stasis, dig shafts and tunnels, antennae 3, four strong arms
a: Dig, Shaft Self, Renounce Religion, Depart the Abyss, Bend Space


You were on level 4 of the Dungeon.
You worshipped Lugonu.
Lugonu was pleased with you.
You visited 1 branch of the dungeon, and saw 4 of its levels.
You visited the Abyss 1 time.

You collected 137 gold pieces.

Inventory:

Hand Weapons
 a - a +1 hand axe (weapon)
Armour
 b - a +0 leather armour (worn)
 i - a +2 robe of cold resistance
Jewellery
 n - a +6 ring of intelligence
Scrolls
 c - a scroll of teleportation {unknown}
 f - a scroll of silence {unknown}
 h - 2 scrolls of identify {unknown}
 l - a scroll of amnesia {unknown}
 m - 2 scrolls of torment {unknown}
 p - a scroll of holy word {unknown}
Potions
 d - 3 potions of curing {unknown}
 e - a potion of mutation {unknown}
 g - a potion of might {unknown}
 j - a potion of cancellation {unknown}
 k - a potion of attraction {unknown}
 o - 2 potions of heal wounds {unknown}


   Skills:
 + Level 4.7 Fighting
 + Level 4.4 Axes
 + Level 3.2 Armour
 - Level 0.8 Dodging
 - Level 2.1 Invocations


You had 5 spell levels left.
You didn't know any spells.
Your spell library contained the following spells:

 Spells                   Type           Power      Damage    Failure   Level
 Magic Dart               Conj           0%         1d3       41%         1
 Searing Ray              Conj           0%         2d4       56%         2
 Inner Flame              Hex/Fire       0%         N/A       80%         3
 Cause Fear               Hex            0%         N/A       99%         4
 Fulminant Prism          Conj/Hex       0%         3d6       99%         4
 Discord                  Hex            0%         N/A       100%        8


Dungeon Overview and Level Annotations

Branches:
Dungeon (4/15)
 Temple: D:4-7

Altars:
Trog


Innate Abilities, Weirdness & Mutations

You cannot be hasted, slowed, berserked, paralysed or teleported.
You can dig through walls and to a lower floor.
You have a pair of large antennae on your head. (SInv)
Your four strong arms can wield two-handed weapons with a shield.


Message History

The bullfrog hits you but does no damage.
The bullfrog hits you. The bullfrog hits you.
The bullfrog completely misses you. The bullfrog hits you!
The bullfrog hits you. The dart slug launches a dart at you.
The slug dart misses you.
You closely miss the bullfrog. The bullfrog hits you!
* * * LOW HITPOINT WARNING * * *
The bullfrog closely misses you.
You hit the bullfrog.
The bullfrog is lightly wounded.
The bullfrog hits you.
* * * LOW HITPOINT WARNING * * *
Unknown command.
The bullfrog barely misses you.
Really walk into that dispersal trap?
You enter a dispersal trap!
The dart slug blinks!
The bullfrog blinks!
The goblin blinks!
You feel a strange sense of stasis. The goblin misses you.
There is a dispersal trap here.
The bullfrog hits you.
* * * LOW HITPOINT WARNING * * *
The goblin enters a dispersal trap!
The bullfrog blinks!
The ogre blinks!
You feel a strange sense of stasis.
The goblin blinks!
The bullfrog hits you but does no damage.
Unknown command.
You hit the bullfrog.
The bullfrog is moderately wounded.
The bullfrog closely misses you.
Really walk into that dispersal trap?
You enter a dispersal trap!
The bullfrog blinks!
The goblin blinks!
The bullfrog blinks!
The ogre blinks! x2; You feel a strange sense of stasis.
The ogre hits you with a +0 giant club!
* * * LOW HITPOINT WARNING * * *
The bullfrog misses you.
There is a dispersal trap here.
Unknown command.
The bullfrog hits you.
You die...

#.......##### #..####.###..
#...........# #....#...##..
##...........# #÷....._.#...
.............# #....#.......
##)..........# #....###....#
#...........# ###....###..###
##.......##.#######......#.#..###
.(...w......§..F^O§..............
####.#######.###@##.....##...####
.....O.{{....# #.######......#
##....{####.{# #.# #....###
##.{.##.$#..###.# #....#
{##.##..O#..O...# #....# {
#O#O..##...##.# #....#
{+#O#'.##.....#.######....#
#...###............#######
....8................########


You could see an ogre and a bullfrog.

Vanquished Creatures
  A jelly (D:3)
  Jessica (D:2)
  7 adders
  2 dart slugs
  An orc (D:4)
  A bat (D:2)
  14 endoplasms
  A giant cockroach (D:1)
  4 goblins
  9 hobgoblins
  3 jackals (D:4)
  4 quokkas
  9 ball pythons
  6 frilled lizards
  9 kobolds
  4 rats
76 creatures vanquished.

Notes
Turn   | Place    | Note
-------+----------+-------------------------------------------
     0 | Abyss:1  | fudgemeat the Formicid Abyssal Knight began the quest for
                  | the Orb.
     0 | Abyss:1  | Reached XP level 1. HP: 18/18 MP: 2/2
     0 | D:1      | Escaped the Abyss
   391 | D:1      | Reached XP level 2. HP: 20/24 MP: 3/3
   495 | D:1      | Reached * piety under Lugonu
   976 | D:1      | Found a faded altar of an unknown god.
  1141 | D:1      | You fall into a shaft and drop 1 floor!
  1281 | D:1      | Reached XP level 3. HP: 28/30 MP: 4/4
  2200 | D:2      | Reached XP level 4. HP: 37/37 MP: 5/5
  2310 | D:2      | Reached ** piety under Lugonu
  2694 | D:2      | Noticed Jessica
  2707 | D:2      | Killed Jessica
  2997 | D:2      | Reached XP level 5. HP: 43/43 MP: 6/6
  4178 | D:4      | Found a bloodstained altar of Trog.
  4287 | D:3      | Reached XP level 6. HP: 37/49 MP: 7/7
  4591 | D:4      | Noticed an ogre
  4591 | D:4      | Noticed an ogre
  4623 | D:4      | HP: 1/49 [ogre (10)]
  4624 | D:4      | Slain by a bullfrog

Illustrated notes

Levels and vault maps discovered:
D:1:      nzn_arrival_water_spiral, layout_basic,
          dreamdust_ecumenical_altar_statues
D:2:      minmay_chambers_of_ones, layout_basic, minmay_misc_feat_nine_boxes,
          uniq_jessica
D:3:      layout_basic
D:4:      cheibrodos_barr_body, layout_basic, trog_three_pillars_becter

Skill      XL: |  1  2  3  4  5 |
---------------+----------------+-----
Fighting       | 4 |  4.7
Axes           | 3 4 |  4.4
Armour         | 3 |  3.2
Dodging        | |  0.8
Invocations    | |  2.1

Action                   |  1- 3 |  4- 6 || total
-------------------------+-------+-------++-------
Melee: Hand axe          |   111 |   127 ||   238
       Punch             |     1 |     1 ||     2
Invok: Depart the Abyss  |     1 |       ||     1
Armor: Leather armour    |    25 |    36 ||    61
Dodge: Dodged            |    54 |    80 ||   134
